[Event "Torneo Nuevo Centro. Jornada 11"]
[Site "Chess.com"]
[Date "2020.08.28"]
[Round "1"]
[White "Conon, Catalin"]
[Black "Méndez Giménez , Néstor Emmanuel"]
[Result "1-0"]
[WhiteElo "1928"]
[BlackElo "1243"]
[TimeControl "180+2"]
[EndTime "10:33:06 PDT"]
[Termination "Victoria de CatalinConon por jaque mate"]

1. e4 e6 2. d4 d5 3. Bd3 Nf6 4.
e5 Nfd7 5. f4 Bb4+ 6. c3 Be7 7.
Nf3 f6 8. O-O O-O 9. Qe1 fxe5 10. fxe5 b6 11. Be3 Bb7 12. Nbd2 Nc6 13. Qg3 Bh4 14.
Qxh4 Rf4 15. Bxf4 Qxh4 16. Nxh4 h6 17. Ng6 Nf8 18. Nxf8 Rxf8 19. Bg3 Rxf1+ 20. Rxf1 a5 21. Bg6 Ne7 22. Bf7+ Kf8 23. Bxe6+ Ke8 24. Bf7+ Kd8 25.
e6 Bc6 26. Bh4 Bb5 27. Bxe7+ Kxe7 28. Rf2 c5 29. Nf3 cxd4 30. cxd4 Bc6 31. Ne5 Ba4 32.
Ng6+ Kd8 33. e7+ Kc8 34. Rc2+ Bxc2 35. e8=Q+ Kb7 36. Bxd5+ Ka6 37. a4 b5 38. Qa8+ Kb6 39.
Qb7# 1

[Event "Torneo Nuevo Centro. Jornada 11"]
[Site "Chess.com"]
[Date "2020.08.28"]
[Round "1"]
[White "Vicent Lázaro, Elena"]
[Black "Gómez Alonso, Óscar"]
[Result "0-1"]
[WhiteElo "671"]
[BlackElo "1796"]
[TimeControl "180+2"]
[EndTime "10:33:07 PDT"]
[Termination "Victoria de osgo78 por jaque mate"]

1. e3 c5 2. c4 Nc6 3. Nc3 e6 4.
Bd3 g6 5. Bb1 Bg7 6. Qc2 Nge7 7.
Nf3 O-O 8. O-O Qc7 9. h4 h6 10. h5 f5 11. g4 fxg4 12. hxg6 Rxf3 13. e4 Rh3 14. f4 gxf3 15. Kf2 Qg3+ 16. Ke3 Bd4+ 17.
Kd3 Nb4# 0

[Event "Torneo Nuevo Centro. Jornada 11"]
[Site "Chess.com"]
[Date "2020.08.28"]
[Round "1"]
[White "del Campo Hernández, Ángel "]
[Black "Donate Moreno, Silvia"]
[Result "0-1"]
[WhiteElo "1140"]
[BlackElo "1840"]
[TimeControl "180+2"]
[EndTime "10:34:01 PDT"]
[Termination "Victoria de monetesSAL por abandono"]

1. e4 c5 2. Nf3 d6 3. d4 cxd4 4. Nxd4 Nf6 5. Nc3 a6 6. Bg5 Nbd7 7. Bc4 e6 8. f4 h6 9. Bh4 Be7 10. Bxf6 Nxf6 11. e5 dxe5 12. fxe5 Nd7 13. Qh5 g6 14. Be2 gxh5 15. Bxh5 Nxe5 0

[Event "Torneo Nuevo Centro. Jornada 11"]
[Site "Chess.com"]
[Date "2020.08.28"]
[Round "1"]
[White "Tormos Beltran, Maite"]
[Black "Blanco Solaz, Ramón"]
[Result "1/2-1/2"]
[WhiteElo "1454"]
[BlackElo "1984"]
[TimeControl "180+2"]
[EndTime "10:34:20 PDT"]
[Termination "Tablas por repeticiÃ³n"]

1. d4 Nf6 2. c4 g6 3. Nc3 Bg7 4. Nf3 O-O 5. g3 d6 6. Bg2 Nc6 7. O-O e5 8. d5 Ne7 9. e4 Nd7 10.
Re1 f5 11. Ng5 Nf6 12. f4 h6 13. Ne6 Bxe6 14. dxe6 c6 15. exf5 Nxf5 16. fxe5 Qb6+ 17. Kh1 dxe5 18. Rxe5 Ng4 19. Qxg4 Bxe5 20. Qxg6+ Bg7 21. e7 Rf7 22. Ne4 Rxe7 23. Nf6+ Kf8 24.
Nh7+ Kg8 25. Nf6+ Kf8 26. Nh7+ Kg8 27. Nf6+ 1/2-1

[Event "Torneo Nuevo Centro. Jornada 11"]
[Site "Chess.com"]
[Date "2020.08.28"]
[Round "1"]
[White "Marques Montolio, Luis"]
[Black "Luque Saiz, Andrés"]
[Result "0-1"]
[WhiteElo "1473"]
[BlackElo "2044"]
[TimeControl "180+2"]
[EndTime "10:34:25 PDT"]
[Termination "Victoria de Chuch1n por abandono"]

1. e4 c6 2. d4 d5 3. Nc3 dxe4 4.
Nxe4 Nf6 5. Ng3 Bg4 6. f3 Bc8 7. c3 Nbd7 8. Bd3 g6 9. Be3 Bg7 10. Qd2 e5 11. O-O-O O-O 12. Bh6 exd4 13. Bxg7 Kxg7 14.
cxd4 Nb6 15. N1e2 a5 16. f4 Be6 17. f5 Bxa2 18. fxg6 fxg6 19. h4 Bf7 20. h5 Nxh5 21. Nxh5+ gxh5 22. Qg5+ Qxg5+ 0

[Event "Torneo Nuevo Centro. Jornada 11"]
[Site "Chess.com"]
[Date "2020.08.28"]
[Round "1"]
[White "Ortiz Benavent, Alba"]
[Black "Carbonell Bofill, Carlos Eloy"]
[Result "0-1"]
[WhiteElo "1201"]
[BlackElo "1905"]
[TimeControl "180+2"]
[EndTime "10:34:39 PDT"]
[Termination "Victoria de MFCARLOS por jaque mate"]

1. d4 Nf6 2. Nf3 d5 3. Bf4 c5 4. e3 Qb6 5. b3 Nc6 6. Nbd2 cxd4 7. exd4 Nxd4 8. Nxd4 Qxd4 9. Bg3 e5 10. c4 Bb4 11.
Be2 Bxd2+ 12. Qxd2 Qxa1+ 13. Bd1 Ne4 14. Qxd5 Qc3+ 15.
Kf1 Nxg3+ 16. hxg3 O-O 17. Qe4 f5 18. Qe2 f4 19.
Qh5 Qd3+ 20. Be2 Qb1+ 21. Bd1 fxg3 22. f3 Qxd1# 0

[Event "Torneo Nuevo Centro. Jornada 11"]
[Site "Chess.com"]
[Date "2020.08.28"]
[Round "1"]
[White "Aguado, Pablo Luis"]
[Black "Miranda Calvo, Max Rodrigo"]
[Result "1-0"]
[WhiteElo "1931"]
[BlackElo "1302"]
[TimeControl "180+2"]
[EndTime "10:34:59 PDT"]
[Termination "Victoria de PLAD_2006 por jaque mate"]

1. d4 d5 2. c4 c6 3. Nc3 e6 4.
e4 Bb4 5. exd5 exd5 6. Nf3 Nf6 7. Bd3 Bg4 8. O-O Bxc3 9. bxc3 Nbd7 10. Re1+ Be6 11.
cxd5 cxd5 12. Ng5 Qe7 13. a4 O-O 14. Ba3 Qe8 15. Bxf8 Kxf8 16. Nxh7+ Kg8 17. Ng5 Qe7 18. Qe2 Re8 19. Bf5 Nf8 20. Bxe6 Nxe6 21. Nxe6 Qxe6 22. Qxe6 Rxe6 23. Rxe6 fxe6 24. f3 Kf7 25. a5 Ke7 26. Rb1 Kd6 27. Rxb7 a6 28. Rxg7 Nh5 29. Ra7 Nf4 30.
Rxa6+ Ke7 31. Kf1 Kf6 32. g3 Nd3 33. Rb6 Nc1 34. a6 Na2 35. a7 Nxc3 36. a8=Q Kf5 37. Qf8+ Kg6 38. Rxe6+ Kh7 39. Rh6# 1

[Event "Torneo Nuevo Centro. Jornada 11"]
[Site "Chess.com"]
[Date "2020.08.28"]
[Round "1"]
[White "Rodriguez Rodriguez, Joan David "]
[Black "Fernández Martín, Berta"]
[Result "1-0"]
[WhiteElo "1779"]
[BlackElo "565"]
[TimeControl "180+2"]
[EndTime "10:35:03 PDT"]
[Termination "Victoria de Not_Jr_chess por tiempo"]

1. d4 d5 2. c4 dxc4 3. e3 Nf6 4. Bxc4 Bf5 5. Nf3 e6 6. O-O Be7 7. Nc3 O-O 8. a3 h6 9. Bd3 Nc6 10. Re1 Bd6 11. e4 Bg4 12. e5 Nxd4 13. exd6 1

[Event "Torneo Nuevo Centro. Jornada 11"]
[Site "Chess.com"]
[Date "2020.08.28"]
[Round "1"]
[White "Sampedro Roig, Josep Francesc"]
[Black "Hernández Tomás, Efrén"]
[Result "1-0"]
[WhiteElo "1838"]
[BlackElo "1097"]
[TimeControl "180+2"]
[EndTime "10:35:53 PDT"]
[Termination "Victoria de Abrekurios por jaque mate"]

1. e4 e5 2. Nf3 Nf6 3. Nxe5 Qe7 4.
d4 d6 5. Nc4 Nxe4 6. Be2 Be6 7.
O-O Bxc4 8. Bxc4 c6 9. f3 d5 10. Re1 Nd7 11. fxe4 dxc4 12. Qe2 Nb6 13. a4 O-O-O 14. a5 Nd7 15. Qxc4 Nf6 16. Nc3 Ng4 17.
Bf4 Qh4 18. Bg3 Qf6 19. e5 Qf5 20. a6 Qxc2 21. axb7+ Kxb7 22. Qa6+ Kc7 23. Qxa7+ Kc8 24. Qa8+ Kd7 25. Ra7+ Ke8 26. Qxc6+ Rd7 27. Qxd7# 1

[Event "Torneo Nuevo Centro. Jornada 11"]
[Site "Chess.com"]
[Date "2020.08.28"]
[Round "1"]
[White "Gil López, Alejandro"]
[Black "Donate Peris, Jose Manuel"]
[Result "1-0"]
[WhiteElo "2209"]
[BlackElo "1542"]
[TimeControl "180+2"]
[EndTime "10:36:08 PDT"]
[Termination "Victoria de AglVal0313 por jaque mate"]

1. e4 e6 2. Nf3 c5 3. c3 Nc6 4. d4 cxd4 5. cxd4 Bb4+ 6. Bd2 Bxd2+ 7. Nbxd2 Nge7 8. Nc4 O-O 9. d5 exd5 10. exd5 Na5 11.
Qd2 Nxc4 12. Bxc4 d6 13. O-O Ng6 14. Rfe1 Bg4 15. Nd4 Ne5 16. Bb3 Qb6 17. h3 Bh5 18.
Nf5 Bg6 19. Ne7+ Kh8 20. Nxg6+ fxg6 21. Qe3 Qxe3 22. Rxe3 Rf6 23. Rc1 Rf7 24. Rec3 Raf8 25. f3 h5 26. Rc7 Rxc7 27. Rxc7 Rf7 28. Rc8+ Kh7 29. Bc2 Kh6 30. Kf2 g5 31. Rh8# 1

[Event "Torneo Nuevo Centro. Jornada 11"]
[Site "Chess.com"]
[Date "2020.08.28"]
[Round "1"]
[White "Soliva Ruiz, Ramon"]
[Black "Escalona Moncholi, Felix"]
[Result "0-1"]
[WhiteElo "1520"]
[BlackElo "2105"]
[TimeControl "180+2"]
[EndTime "10:36:20 PDT"]
[Termination "Victoria de SchachSpielerESP por tiempo"]

1. d4 d5 2. Bf4 c5 3. e3 Nc6 4. Nf3 Bg4 5. c3 e6 6. Bb5 Ne7 7. Nbd2 a6 8. Be2 Ng6 9. Bg3 cxd4 10. exd4 Bd6 11. Bxd6 Qxd6 12. O-O Nf4 13. h3 Bh5 14. Re1 Nxe2+ 15. Rxe2 h6 16. Qb3 O-O 17. Rae1 b5 18. g4 Bg6 19. Ne5 Bh7 20. Nxc6 Qxc6 21. Nf3 Be4 22.
Ne5 Qd6 23. f3 Bh7 24. Rf2 f6 0

[Event "Torneo Nuevo Centro. Jornada 11"]
[Site "Chess.com"]
[Date "2020.08.28"]
[Round "1"]
[White "Carbonell Sancho, Marc"]
[Black "Perrot, Fabien "]
[Result "1-0"]
[WhiteElo "1854"]
[BlackElo "1151"]
[TimeControl "180+2"]
[EndTime "10:36:30 PDT"]
[Termination "Victoria de AkaliGOD por jaque mate"]

1. e4 e5 2. Nf3 Nc6 3. Bc4 Bc5 4. b4 Bxb4 5. c3 Be7 6. d4 exd4 7. cxd4 Bb4+ 8. Nbd2 d6 9. O-O Bg4 10. Bb2 Bxd2 11.
Qxd2 Bxf3 12. gxf3 Qh4 13. Rab1 g5 14. Kh1 f6 15. Bc3 Nge7 16. Rxb7 Kd7 17. d5 Ne5 18.
Bb5+ Kc8 19. Bxe5 fxe5 20. Ba6 Kd7 21. Rc1 Rhc8 22. Rc3 Ng6 23. Qc2 Nf4 24. Rcxc7+ Rxc7 25. Qxc7+ Ke8 26. Qe7# 1

[Event "Torneo Nuevo Centro. Jornada 11"]
[Site "Chess.com"]
[Date "2020.08.28"]
[Round "1"]
[White "Bosch Jordà, Ricard"]
[Black "Alegre Romaguera, Francesc"]
[Result "1-0"]
[WhiteElo "1938"]
[BlackElo "1327"]
[TimeControl "180+2"]
[EndTime "10:36:32 PDT"]
[Termination "Victoria de UltimateLimo por abandono"]

1. e4 c5 2. Nf3 d6 3. d4 cxd4 4.
Nxd4 Nf6 5. Nc3 a6 6. f3 e5 7.
Nb3 Be6 8. Be3 Nbd7 9. g4 b5 10. g5 Nh5 11. Qd2 Be7 12. O-O-O Nf4 13. Bxf4 exf4 14. h4 b4 15. Nd5 Bxd5 16. exd5 a5 17. Bb5 O-O 18. Nd4 Nb6 19. Nc6 Qc7 20. Rde1 a4 21.
Rxe7 Qb7 22. Rxb7 1

[Event "Torneo Nuevo Centro. Jornada 11"]
[Site "Chess.com"]
[Date "2020.08.28"]
[Round "1"]
[White "Leal Uribe, Jhonny Alberto"]
[Black "Fernández Martin, Carlos"]
[Result "1-0"]
[WhiteElo "2550"]
[BlackElo "1776"]
[TimeControl "180+2"]
[EndTime "10:36:45 PDT"]
[Termination "Victoria de jhonnyuribe por jaque mate"]

1. d4 d6 2. Nf3 Nf6 3. e3 g6 4.
Bd3 Bg7 5. Nbd2 O-O 6. O-O Nc6 7. c3 Re8 8. e4 Bg4 9. h3 Bxf3 10. Nxf3 e5 11.
Bg5 Qd7 12. Re1 h6 13. Bh4 g5 14. Bg3 Nh5 15. Nxe5 Nxe5 16. Bxe5 dxe5 17. Qxh5 exd4 18. cxd4 Qxd4 19. Rad1 Qe5 20. Bc4 Re7 21. Rd5 Qxb2 22. Bb3 Rae8 23. Rf5 Rf8 24. h4 Bd4 25. Qxh6 gxh4 26. e5 Rxe5 27. Rexe5 Bxe5 28. Qg6+ Bg7 29. Bxf7+ Rxf7 30. Qxf7+ Kh7 31. Rh5# 1

[Event "Torneo Nuevo Centro. Jornada 11"]
[Site "Chess.com"]
[Date "2020.08.28"]
[Round "1"]
[White "Bascuñana Sánchez, Pablo"]
[Black "Serarols Mabras, Bernat"]
[Result "0-1"]
[WhiteElo "1682"]
[BlackElo "2459"]
[TimeControl "180+2"]
[EndTime "10:36:48 PDT"]
[Termination "Victoria de bernatserarols por tiempo"]

1. e4 c6 2. d4 d5 3. exd5 cxd5 4. Bd3 Nc6 5. c3 Qc7 6. Nf3 Bg4 7. h3 Bh5 8. O-O e6 9. b4 Bd6 10. b5 Na5 11. Qa4 b6 12. Ba3 Bxf3 13. Bxd6 Qxd6 14. gxf3 Ne7 15. Nd2 O-O 16. Kh1 Rac8 17. Qc2 g6 18. Rg1 Qf4 19. Rg3 Nf5 20. Bxf5 Qxf5 21. Qxf5 exf5 22.
f4 Rfe8 23. Re3 Rxe3 24. fxe3 Rxc3 25. Re1 Nc4 26. Nxc4 Rxc4 27. Rb1 Kf8 28. Kh2 Ke7 29. Kg2 Kd7 30. Kf3 Rc2 31. a4 Ra2 32. Rb4 Kd6 33.
Kg3 f6 34. Kf3 h6 35. Kg3 h5 36. Kf3 h4 37. Rb3 Rxa4 38. Rb2 Ke6 39. Rg2 Kf7 40. Rb2 g5 41. fxg5 fxg5 42. Ke2 Ra3 43. Kf3 f4 0

[Event "Torneo Nuevo Centro. Jornada 11"]
[Site "Chess.com"]
[Date "2020.08.28"]
[Round "1"]
[White "Montesinos Diaz, Luis"]
[Black "Ainsa Jimenez, Lucas"]
[Result "1-0"]
[WhiteElo "1889"]
[BlackElo "1188"]
[TimeControl "180+2"]
[EndTime "10:36:51 PDT"]
[Termination "Victoria de Gwiso_06 por jaque mate"]

1. e4 e5 2. Nf3 Nc6 3. Bc4 Bc5 4. d4 Nxd4 5. Nxe5 Nh6 6. Bxh6 gxh6 7. Nxf7 Qf6 8.
Nxh8 Nb3 9. O-O Nxa1 10. Qh5+ Kd8 11. Nc3 Bb6 12. Nf7+ Ke7 13. Nd5+ Ke6 14. Nxf6+ Kxf6 15. Qf5+ Kg7 16. e5 d5 17. Qf6+ Kg8 18. Nxh6# 1

[Event "Torneo Nuevo Centro. Jornada 11"]
[Site "Chess.com"]
[Date "2020.08.28"]
[Round "1"]
[White "Roca Cruz, Rafael"]
[Black "Rabbani Perez, Oumaima "]
[Result "1-0"]
[WhiteElo "1800"]
[BlackElo "706"]
[TimeControl "180+2"]
[EndTime "10:37:05 PDT"]
[Termination "Victoria de RafaRocaCruz por jaque mate"]

1. d4 d6 2. c4 e6 3. Nc3 e5 4. dxe5 Nc6 5. exd6 cxd6 6. Bf4 Be7 7. Nf3 Nf6 8. h3 Ng8 9. e3 Nf6 10. Be2 O-O 11. O-O h6 12. Qd2 Nh5 13. Bh2 Nf6 14.
Rfd1 Na5 15. Bxd6 Bxd6 16. Qxd6 Qxd6 17. Rxd6 Nxc4 18. Bxc4 Nh5 19. Rad1 a6 20. Ne5 b5 21. Bb3 Be6 22. Bxe6 fxe6 23. Rxe6 b4 24. Ne4 a5 25. Rd7 Rfd8 26. Rxd8+ Rxd8 27. Rd6 Rc8 28. Rc6 Rd8 29. g4 Rd1+ 30. Kg2 Ra1 31. gxh5 Rxa2 32. Nd6 Rxb2 33. Nf5 Ra2 34. Rc8+ Kh7 35. Ng6 b3 36. Rh8# 1

[Event "Torneo Nuevo Centro. Jornada 11"]
[Site "Chess.com"]
[Date "2020.08.28"]
[Round "1"]
[White "Lloret Ramis, Juan José"]
[Black "Gimenez Sanchis, Jose Antonio"]
[Result "1-0"]
[WhiteElo "1973"]
[BlackElo "1404"]
[TimeControl "180+2"]
[EndTime "10:37:15 PDT"]
[Termination "Victoria de Amiplim por abandono"]

1. c4 d6 2. Nc3 Nf6 3. d4 g6 4. e4 Nbd7 5. Nf3 Bg7 6. Be2 O-O 7. e5 dxe5 8. dxe5 Ng4 9. e6 fxe6 10. O-O b6 11.
Ng5 Nxf2 12. Rxf2 Rxf2 13. Kxf2 Bb7 14. Nxe6 Qe8 15. Nxg7 Kxg7 16. Bf3 Bxf3 17. Qxf3 Nf6 18. Bf4 Qd7 19. Qxa8 Qd4+ 20. Kf1 Qxf4+ 21. Qf3 Qd4 22.
Qe2 Nh5 23. Rd1 Qf4+ 24. Kg1 Qf6 25. Rf1 Qd6 26. Qf2 Nf6 27. Nd5 Nxd5 28. Qf7+ Kh6 29. Qxd5 1

[Event "Torneo Nuevo Centro. Jornada 11"]
[Site "Chess.com"]
[Date "2020.08.28"]
[Round "1"]
[White "Gutierrez Marco, Dario"]
[Black "Grigorev, Artur "]
[Result "1-0"]
[WhiteElo "1822"]
[BlackElo "922"]
[TimeControl "180+2"]
[EndTime "10:37:22 PDT"]
[Termination "Victoria de rususs por tiempo"]

1. e4 e5 2. Nf3 Nc6 3. Bb5 Bc5 4. O-O Nf6 5. d3 d6 6. c3 O-O 7.
Nbd2 Bg4 8. h3 Bh5 9. Re1 a6 10.
Ba4 b5 11. Bc2 d5 12. Qe2 d4 13. Nf1 dxc3 14. bxc3 b4 15. Ng3 bxc3 16. Nxh5 Nxh5 17.
Nxe5 Nxe5 18. Qxh5 Qd6 19. Rd1 a5 20. Bf4 Bd4 21. Rab1 g6 22. Qe2 Rab8 23. Bb3 c2 24. Bxc2 Rxb1 25. Rxb1 Qe6 26. Bb3 Qd6 27. Rc1 c5 28. Bh2 Qb6 29. Bxe5 Qb4 30. Bxd4 1

[Event "Torneo Nuevo Centro. Jornada 11"]
[Site "Chess.com"]
[Date "2020.08.28"]
[Round "1"]
[White "Macias Pino, Diego"]
[Black "Casado Andreu, David"]
[Result "0-1"]
[WhiteElo "2250"]
[BlackElo "1571"]
[TimeControl "180+2"]
[EndTime "10:37:28 PDT"]
[Termination "Victoria de dave6635 por abandono"]

1. d4 Nf6 2. Nf3 g6 3. Bf4 Bg7 4. Nbd2 d6 5. e4 O-O 6. c3 Nc6 7. Qc2 Nd7 8. Be2 e5 9. Be3 f5 10. exf5 gxf5 11. dxe5 dxe5 12. Ng5 Nf6 13. Qb3+ Kh8 14.
Bc5 Ne7 15. Nf7+ Rxf7 16. Qxf7 Ng6 17. g3 b6 18. Ba3 Bb7 19. Rg1 e4 20. O-O-O Bd5 21.
Nb3 Bxf7 22. Rxd8+ Rxd8 23. Nd4 f4 24. gxf4 Nxf4 25.
Bb5 c5 26. Nf5 N6h5 27. Nxg7 Nxg7 28. b3 Nge6 29. c4 Ne2+ 0

[Event "Torneo Nuevo Centro. Jornada 11"]
[Site "Chess.com"]
[Date "2020.08.28"]
[Round "1"]
[White "Fenollar Jorda, Manolo"]
[Black "Pardo Ruiz, Carlos"]
[Result "1-0"]
[WhiteElo "2465"]
[BlackElo "1690"]
[TimeControl "180+2"]
[EndTime "10:37:32 PDT"]
[Termination "Victoria de Cucudrulu por jaque mate"]

1. d4 c5 2. c3 d5 3. Nf3 Nf6 4.
e3 Bf5 5. Bd3 Bxd3 6. Qxd3 c4 7.
Qc2 Nc6 8. Nbd2 e6 9. e4 Be7 10. O-O O-O 11. e5 Nd7 12. Ne1 f6 13. f4 fxe5 14.
fxe5 Rxf1+ 15. Nxf1 Bg5 16. Nf3 Bxc1 17. Rxc1 Qe7 18.
Ng3 Rf8 19. Rf1 b5 20. h4 a5 21. Ng5 Rxf1+ 22. Kxf1 Nf8 23. Kg1 b4 24. Qa4 Qb7 25. Kh2 h6 26. Nf3 bxc3 27. bxc3 Qb6 28. Ne2 Ne7 29.
Qe8 Nc6 30. Nf4 Na7 31. Ng6 Qb2 32. Qxf8+ Kh7 33. h5 Qxg2+ 34. Kxg2 Nb5 35. Ng5+ hxg5 36. Qh8# 1

[Event "Torneo Nuevo Centro. Jornada 11"]
[Site "Chess.com"]
[Date "2020.08.28"]
[Round "1"]
[White "Aymerich Rosell, Pablo"]
[Black "Gukasov, Artem"]
[Result "1-0"]
[WhiteElo "2005"]
[BlackElo "1462"]
[TimeControl "180+2"]
[EndTime "10:37:32 PDT"]
[Termination "Victoria de jasikevic por abandono"]

1. e4 e6 2. d4 d5 3. Nd2 c5 4. exd5 exd5 5. Ngf3 Nf6 6. Bb5+ Nc6 7. O-O a6 8. Re1+ Be7 9. Bxc6+ bxc6 10. dxc5 O-O 11. Nb3 a5 12. a4 Re8 13. Ne5 Qc7 14. Bf4 Qb7 15. Qd2 Be6 16. Nxa5 Qa6 17. Naxc6 Rac8 18. Nxe7+ Rxe7 19. b4 Ne4 20. Qd3 Qb7 21. c3 f6 22.
Nf3 g5 23. Bg3 Bf5 24. Qb5 Qxb5 25. axb5 Rb7 26. b6 Nxc3 27. Nd4 Bg6 28. Bc7 Nb5 29. c6 Rbxc7 30. Nxb5 Rf7 31. b7 Rb8 32. Ra8 Rff8 33. Rxb8 Rxb8 34. c7 Rxb7 35. c8=Q+ 1

[Event "Torneo Nuevo Centro. Jornada 11"]
[Site "Chess.com"]
[Date "2020.08.28"]
[Round "1"]
[White "Fente Fernandez, Jose Ignacio"]
[Black "Vidarte Morales, Arturo"]
[Result "1/2-1/2"]
[WhiteElo "1553"]
[BlackElo "2220"]
[TimeControl "180+2"]
[EndTime "10:37:45 PDT"]
[Termination "Partida en tablas por material insuficiente"]

1. e4 c5 2. Nf3 e6 3. d4 cxd4 4. Nxd4 a6 5. Nc3 Qc7 6. g3 Nf6 7. Bg2 Nc6 8. Nxc6 bxc6 9. O-O Bc5 10. Bg5 d6 11. Bxf6 gxf6 12. Qf3 Ke7 13. a3 Rb8 14. b4 Bd4 15. Rad1 c5 16. bxc5 Qxc5 17. Na4 Qa7 18. Qd3 Bc5 19. Nxc5 Qxc5 20. Rb1 Bd7 21. Rxb8 Rxb8 22.
Qxa6 Bb5 23. Qa5 Bxf1 24. Qxc5 dxc5 25. Bxf1 Ra8 26. Bc4 Rxa3 27. f4 Rc3 28. Bb3 c4 29.
Ba4 Rxc2 30. Bxc2 Kd6 31. Kf2 Kc5 32. Ke3 e5 33. Kd2 Kd4 34. fxe5 fxe5 35. g4 h6 36. h4 f6 37. Bb1 c3+ 38. Ke2 Kc4 39. Bc2 Kd4 40. Kf3 Kc5 41. g5 fxg5 42. hxg5 hxg5 43. Kg4 Kd4 44. Kxg5 Ke3 45. Kf5 Kd2 46. Ba4 c2 47.
Bxc2 Kxc2 48. Kxe5 Kd3 49. Kd6 Kxe4 1/2-1

[Event "Torneo Nuevo Centro. Jornada 11"]
[Site "Chess.com"]
[Date "2020.08.28"]
[Round "1"]
[White "Muñoz Pantoja, Miguel"]
[Black "Cayon Pelaez, Pablo"]
[Result "1-0"]
[WhiteElo "1083"]
[BlackElo "1753"]
[TimeControl "180+2"]
[EndTime "10:37:48 PDT"]
[Termination "Victoria de Indalsa por abandono"]

1. e4 e5 2. d4 exd4 3. Qxd4 Nc6 4. Qe3 d6 5. Nc3 Nf6 6. b3 Be7 7. Bb2 O-O 8. O-O-O b6 9. f4 Bb7 10. Kb1 a5 11. g4 Nxg4 12. Qg3 Qd7 13. Nd5 f5 14.
Bb5 Nf6 15. Nf3 fxe4 16. Rhg1 Bd8 17. Nd4 Nxd5 18. Nxc6 Nf6 19. Nd4 c6 20. Bf1 c5 21.
Bh3 Nh5 22. Bxd7 Nxg3 23. Ne6 Rf7 24. Nxd8 Rxd7 25. Nxb7 Rxb7 26. Rxg3 Rf8 27. Rxd6 Rxf4 28. Rd8+ Rf8 29. Rxf8+ Kxf8 30. Be5 g6 31. Rg4 Kf7 32. Rxe4 Re7 33. Rf4+ Ke6 34. Bc3 Kd5 35. a4 Re3 36. Kb2 g5 37. Rf5+ Ke4 38. Rxg5 Rh3 39.
Re5+ Kf4 40. Re7 Kf5 41. Rf7+ Ke6 42. Rf6+ Kd7 43. Rxb6 Rxh2 44. Bxa5 1

[Event "Torneo Nuevo Centro. Jornada 11"]
[Site "Chess.com"]
[Date "2020.08.28"]
[Round "1"]
[White "Bercaru, Vlad Ionut"]
[Black "Sos Andreu, Eric"]
[Result "0-1"]
[WhiteElo "1725"]
[BlackElo "2519"]
[TimeControl "180+2"]
[EndTime "10:37:51 PDT"]
[Termination "Victoria de ericovski por abandono"]

1. c4 Nf6 2. Nc3 g6 3. g3 Bg7 4.
Bg2 O-O 5. Nf3 d6 6. O-O e5 7. d3 Nc6 8. Bg5 h6 9. Bxf6 Bxf6 10.
Nd5 Bg7 11. Rb1 Nd4 12. Nxd4 exd4 13. e4 dxe3 14. Nxe3 a5 15. b3 c6 16. d4 Qf6 17. d5 c5 18. Qd2 Qd4 19. Rbd1 Qxd2 20. Rxd2 Bd7 21. Re1 Bc3 22. Rde2 Bxe1 23. Rxe1 Rfe8 24. Kf1 f5 25. Bh3 Kg7 26. f4 Kf6 27. Re2 Re7 28. Kf2 Rae8 29. g4 fxg4 30. Nxg4+ Bxg4 31.
Rxe7 Rxe7 32. Bxg4 Re4 33. Kf3 Re1 34. Bc8 b6 35.
Ba6 Ra1 36. Bb5 Rxa2 37. Bd7 Rxh2 38. Kg3 Rb2 39. Ba4 g5 40. fxg5+ Kxg5 41. Kh3 Rd2 42. Bd7 Rd3+ 43. Kg2 Rxb3 44. Ba4 Rb4 45. Bb5 Rxb5 46. cxb5 a4 47. Kf2 a3 48. Ke2 a2 0

[Event "Torneo Nuevo Centro. Jornada 11"]
[Site "Chess.com"]
[Date "2020.08.28"]
[Round "1"]
[White "Más Ripoll, Vicente"]
[Black "Martin Ayala, David"]
[Result "0-1"]
[WhiteElo "1069"]
[BlackElo "1826"]
[TimeControl "180+2"]
[EndTime "10:38:10 PDT"]
[Termination "Victoria de martinayala por abandono"]

1. e4 d5 2. exd5 Nf6 3. c4 c6 4. dxc6 Nxc6 5. Nc3 e5 6. d3 e4 7. dxe4 Qxd1+ 8. Kxd1 Be6 9. Nf3 O-O-O+ 10. Kc2 Ng4 11.
Be3 Nxe3+ 12. fxe3 Bc5 13. Re1 Rhe8 14. Ng5 h6 15. Nxe6 Rxe6 16. Nd5 Rxe4 17. b4 Bxb4 18. Nxb4 Nxb4+ 19. Kb3 Nd3 20. Bxd3 Rxd3+ 21. Kb4 Rdxe3 22. Rd1 Re2 23. Rhf1 f6 24. a4 Rxg2 25. Rf5 Re5 26. Rf4 Rxh2 27. Rfd4 Re7 28. Rd8+ Kc7 29. R1d6 Rb2+ 30.
Kc3 Rb6 31. Rd2 Rbe6 32. Kb4 h5 33. Ra8 a6 34. Rh8 g6 35. Rg8 f5 36. Rg2 Rf7 37. c5 f4 38. Ka5 f3 0

[Event "Torneo Nuevo Centro. Jornada 11"]
[Site "Chess.com"]
[Date "2020.08.28"]
[Round "1"]
[White "Alvarez Usina, Jordi"]
[Black "Martínez Escandell, Alfonso"]
[Result "0-1"]
[WhiteElo "1268"]
[BlackElo "1928"]
[TimeControl "180+2"]
[EndTime "10:38:16 PDT"]
[Termination "Victoria de Alfonso10 por tiempo"]

1. d4 Nf6 2. Bf4 b6 3. Nf3 g6 4. e3 Bg7 5. Bd3 Bb7 6. Nbd2 O-O 7. c3 d6 8. Qe2 Nbd7 9. Qf1 c5 10. O-O-O cxd4 11. exd4 a5 12. Re1 a4 13. a3 Rc8 14.
Bb5 Nd5 15. Bg3 Ra8 16. h4 h5 17. Qd3 Nc7 18. Ne4 Bxe4 19. Qxe4 Nxb5 20. Qc6 Nc7 21.
Re2 Ne6 22. Rhe1 Qc8 23. Qe4 Nf6 24. Qb1 Ng4 25. Ng5 Nxg5 26. hxg5 Bxd4 27. Qd3 Be5 28.
f4 Bg7 29. Rxe7 Qc5 30. Qe2 Rac8 31. Rf1 Bxc3 32. Kb1 Bg7 33. Bf2 Nxf2 34. Rxf2 Qf5+ 35. Ka2 Rc5 0

[Event "Torneo Nuevo Centro. Jornada 11"]
[Site "Chess.com"]
[Date "2020.08.28"]
[Round "1"]
[White "Conejero Martínez, Víctor"]
[Black "Castellano López, Javier"]
[Result "0-1"]
[WhiteElo "1372"]
[BlackElo "1948"]
[TimeControl "180+2"]
[EndTime "10:38:38 PDT"]
[Termination "Victoria de its_xavi_official por jaque mate"]

1. d4 Nf6 2. c4 e6 3. Nc3 Bb4 4. Nf3 O-O 5. Bg5 h6 6. Bf4 b6 7. e3 Bb7 8. Bd3 Ne4 9. Qc2 Bxc3+ 10. bxc3 f5 11. O-O d6 12. Rab1 Nd7 13. a4 a5 14. Nd2 Nxd2 15. Qxd2 g5 16. Bg3 h5 17.
h3 h4 18. Bh2 Nf6 19. Qe2 Qe8 20. f4 g4 21. hxg4 Nxg4 22. Qe1 Rf7 23. Qxh4 Rh7 24. Qg5+ Kh8 25. Bg3 Qf7 26. Be2 Rg8 27. Bxg4 Rxg5 28.
fxg5 Be4 29. Rb5 Bd3 30. Rf2 Bxc4 31. Rb1 Bd3 32. Rd1 Be4 33. Be2 Qg6 34. Bf4 Kg8 35.
Bb5 Rh8 36. c4 Qh7 37. Kf1 Qh5 38. Bd7 Qxd1# 0

[Event "Torneo Nuevo Centro. Jornada 11"]
[Site "Chess.com"]
[Date "2020.08.28"]
[Round "1"]
[White "Ursariu, Nikolas Victor"]
[Black "Yuste Valenzuela, Alejandro"]
[Result "0-1"]
[WhiteElo "1165"]
[BlackElo "1875"]
[TimeControl "180+2"]
[EndTime "10:38:54 PDT"]
[Termination "Victoria de alejandrito290 por jaque mate"]

1. e4 c5 2. Nf3 d6 3. Nc3 Nf6 4. Bc4 g6 5. O-O Bg7 6. d3 O-O 7.
Bf4 Nc6 8. Re1 e5 9. Bg3 Bg4 10. h3 Bh5 11. Bh4 Bxf3 12. Qxf3 Nd4 13. Qe3 Nxc2 14.
Qc1 Nxe1 15. Qxe1 Qd7 16. Qe3 a6 17. Qf3 Nh5 18. g4 Nf4 19. Bg3 b5 20. Bb3 b4 21.
Nd1 Ne6 22. Ne3 Nd4 23. Qd1 Nxb3 24. Qxb3 a5 25. Nd5 a4 26. Qc2 Rab8 27. Re1 Qb7 28. Rb1 f5 29. gxf5 gxf5 30. exf5 Qxd5 31. Qxa4 Qxd3 32.
Rd1 Qxf5 33. Qb3+ Kh8 34. Rxd6 Rbd8 35. Rxd8 Rxd8 36. Qc4 Qf3 37. Qxc5 Rd1+ 38. Kh2 Rh1# 0